 Dungeon Crawl Stone Soup version 0.27.1-4-g1640c2035a (webtiles) character file.

Game seed: 16335662462294404373

70 sable the Grasshopper (level 4, -3/38 HPs)
             Began as a Gnoll Warper on Nov 13, 2021.
             Was a Believer of Makhleb.
             Slain by an ogre (22 damage)
             ... on level 2 of the Dungeon.
             The game lasted 00:24:20 (1972 turns).

sable the Grasshopper (Gnoll Warper)                Turns: 1972, Time: 00:24:20

Health: -3/38      AC:  7    Str: 16    XL:     4   Next: 22%
Magic:  11/11      EV: 11    Int: 19    God:    Makhleb [**....]
Gold:   126        SH:  0    Dex: 12    Spells: 11/13 levels left

rFire    . . .     SeeInvis .   a - +0 spear
rCold    . . .     Faith    .   (no shield)
rNeg     . . .     Spirit   .   t - +0 scale mail
rPois    .         Reflect  .   r - +0 helmet
rElec    .         Harm     .   (no cloak)
rCorr    .         Rampage  .   (no gloves)
Will     .....                  (no boots)
Stlth    ..........             o - amulet of regeneration
HPRegen  1.12/turn              g - +6 ring of strength
MPRegen  0.12/turn              h - +6 ring of intelligence

@: no status effects
A: fangs 1, strong nose, distributed training
a: Renounce Religion, Minor Destruction


You were on level 2 of the Dungeon.
You worshipped Makhleb.
Makhleb was pleased with you.
You visited 1 branch of the dungeon, and saw 2 of its levels.

You collected 126 gold pieces.

Inventory:

Hand Weapons
 a - a +0 spear (weapon)
 j - a +2 dagger of holy wrath
Missiles
 d - 4 boomerangs of dispersal (quivered)
 i - 39 stones
 s - 6 boomerangs
Armour
 l - a scarf of harm
 m - a +0 ring mail
 r - a +0 helmet (worn)
 t - a +0 scale mail (worn)
Jewellery
 g - a +6 ring of strength (left hand)
 h - a +6 ring of intelligence (right hand)
 n - a ring of willpower
 o - an amulet of regeneration (around neck)
Wands
 q - a wand of mindburst (10)
Scrolls
 c - a scroll of blinking
 e - a scroll of enchant weapon {unknown}
 p - a scroll of torment {unknown}


   Skills:
 + Level 4.6 Fighting
 + Level 1.0 Short Blades
 + Level 1.0 Long Blades
 + Level 1.0 Axes
 + Level 1.0 Maces & Flails
 + Level 4.6 Polearms
 + Level 1.0 Staves
 + Level 1.0 Slings
 + Level 1.0 Bows
 + Level 1.0 Crossbows
 + Level 2.7 Throwing
 + Level 2.7 Armour
 + Level 4.6 Dodging
 + Level 1.0 Stealth
 + Level 1.0 Shields
 + Level 1.0 Unarmed Combat
 + Level 5.0 Spellcasting
 + Level 0.8 Conjurations
 + Level 0.8 Hexes
 + Level 0.8 Summonings
 + Level 0.8 Necromancy
 + Level 5.4 Translocations
 + Level 0.8 Transmutations
 + Level 0.8 Fire Magic
 + Level 0.8 Ice Magic
 + Level 0.8 Air Magic
 + Level 0.8 Earth Magic
 + Level 0.8 Poison Magic
 + Level 1.1 Invocations
 + Level 1.0 Evocations


You had 11 spell levels left.
You knew the following spells:

 Your Spells              Type           Power      Damage    Failure   Level
a - Blink                 Tloc           N/A        N/A       7%          2

Your spell library contained the following spells:

 Spells                   Type           Power      Damage    Failure   Level
 Gell's Gravitas          Tloc           12%        N/A       14%         3
 Lesser Beckoning         Tloc           12%        N/A       14%         3
 Teleport Other           Tloc           25%        N/A       14%         3
 Manifold Assault         Tloc           25%        N/A       78%         5


Dungeon Overview and Level Annotations

Branches:
Dungeon (2/15)

Altars:
Makhleb


Innate Abilities, Weirdness & Mutations

You have very sharp teeth.
Your uncanny sense of smell can sniff out nearby items.
Your experience applies equally to all skills.


Message History

Items here: ))))) †.
There is an open door here.
There is an open door here.
There is an open door here.
An ogre comes into view. It is wielding a +0 giant spiked club.
The ogre shouts!
An endoplasm comes into view.
The endoplasm quivers.
Casting: Blink (safe; 7% risk of failure)
Confirm with . or Enter, or press ? or * to list all spells.
Okay, then.
Throw: 5 boomerangs (disperse)
Press: ? - help, Q - select action, (/) - cycle Shift-Dir - straight line, f - ogre
Aim: an ogre, wielding a +0 giant spiked club (75% to hit)
You throw a boomerang of dispersal.
The boomerang of dispersal closely misses the ogre.
The boomerang of dispersal hits the endoplasm.
The endoplasm blinks!
The ogre closely misses you.
You hit the ogre.
The ogre is lightly wounded.
The ogre hits you with a +0 giant spiked club.
You hit the ogre. You bite the ogre, but do no damage.
The ogre is moderately wounded.
You barely miss the ogre.
The ogre is moderately wounded.
The ogre barely misses you.
You barely miss the ogre.
The ogre is moderately wounded.
The ogre hits you with a +0 giant spiked club!!
Ouch! That really hurt!
* * * LOW HITPOINT WARNING * * *
You feel better.
Press: ? - help, v - describe, . - travel The floor.
You barely miss the ogre.
The ogre is moderately wounded.
The ogre hits you with a +0 giant spiked club!!
Ouch! That really hurt!
You die...

... .........
....# #...........
#.#.# #...........
#.#.# #...........
#.#.# #...........
#.#.#+#...........
#O#...............
#@#...............
#.#...............
#.#...............
#................#
###..............#
#..............#
#..............)
#..............#
#..............#


You could see an ogre.

Vanquished Creatures
  2 adders (D:2)
  A worm (D:2)
  2 dart slugs (D:2)
  5 bats
  An endoplasm (D:1)
  7 goblins
  7 hobgoblins
  A quokka (D:2)
  6 ball pythons
  4 frilled lizards
  5 kobolds
  3 rats
44 creatures vanquished.

Vanquished Creatures (others)
  4 fungi (D:1)
  2 plants (D:1)
6 creatures vanquished.

Grand Total: 50 creatures vanquished

Notes
Turn   | Place    | Note
-------+----------+-------------------------------------------
     0 | D:1      | sable the Gnoll Warper began the quest for the Orb.
     0 | D:1      | Reached XP level 1. HP: 20/20 MP: 6/6
   237 | D:1      | Found a faded altar of an unknown god.
   352 | D:1      | Became a worshipper of Makhleb the Destroyer
   352 | D:1      | Reached * piety under Makhleb
   453 | D:1      | Reached XP level 2. HP: 23/26 MP: 7/7
  1523 | D:2      | Reached XP level 3. HP: 31/31 MP: 9/9
  1651 | D:2      | Reached skill level 5 in Spellcasting
  1719 | D:2      | Reached ** piety under Makhleb
  1720 | D:2      | Reached skill level 1 in Invocations
  1801 | D:2      | Reached skill level 1 in Short Blades
  1801 | D:2      | Reached skill level 1 in Long Blades
  1801 | D:2      | Reached skill level 1 in Axes
  1801 | D:2      | Reached skill level 1 in Maces & Flails
  1801 | D:2      | Reached skill level 1 in Staves
  1801 | D:2      | Reached skill level 1 in Slings
  1801 | D:2      | Reached skill level 1 in Bows
  1801 | D:2      | Reached skill level 1 in Crossbows
  1801 | D:2      | Reached skill level 1 in Stealth
  1801 | D:2      | Reached skill level 1 in Shields
  1801 | D:2      | Reached skill level 1 in Unarmed Combat
  1801 | D:2      | Reached skill level 1 in Evocations
  1832 | D:2      | Reached XP level 4. HP: 31/38 MP: 11/11
  1863 | D:2      | Learned a level 2 spell: Blink
  1963 | D:2      | Noticed an ogre
  1972 | D:2      | Slain by an ogre

Illustrated notes

Levels and vault maps discovered:
D:1:      arrival_zaba_pyramid, layout_basic,
          shapermc_ecumenical_altar_mp_urbaneastern, serial_corexii_hall,
          corexii_hall_statues_deadend, corexii_hall_statues_u,
          corexii_hall_statues_i, chequers_hall_statues_corner_a,
          chequers_hall_statues_corner_a, chequers_hall_statues_corner_a,
          nrook_loot_triangle
D:2:      layout_basic, minmay_joined_circles, uniq_robin

Skill      XL: |  1  2  3 |
---------------+----------+-----
Spellcasting   | 5 |  5.0
Invocations    | 1 |  1.1
Short Blades   | 1 |  1.0
Long Blades    | 1 |  1.0
Axes           | 1 |  1.0
Maces & Flails | 1 |  1.0
Staves         | 1 |  1.0
Slings         | 1 |  1.0
Bows           | 1 |  1.0
Crossbows      | 1 |  1.0
Stealth        | 1 |  1.0
Shields        | 1 |  1.0
Unarmed Combat | 1 |  1.0
Evocations     | 1 |  1.0
Fighting       | |  4.6
Polearms       | |  4.6
Throwing       | |  2.7
Armour         | |  2.7
Dodging        | |  4.6
Conjurations   | |  0.8
Hexes          | |  0.8
Summonings     | |  0.8
Necromancy     | |  0.8
Translocations | |  5.4
Transmutations | |  0.8
Fire Magic     | |  0.8
Ice Magic      | |  0.8
Air Magic      | |  0.8
Earth Magic    | |  0.8
Poison Magic   | |  0.8

Action                   |  1- 3 |  4- 6 || total
-------------------------+-------+-------++-------
Melee: Spear             |   191 |    16 ||   207
       Bite              |    16 |     1 ||    17
       Punch             |     1 |       ||     1
Throw: Boomerang         |       |     1 ||     1
  Use: Scroll            |     3 |       ||     3
       Potion            |       |     1 ||     1
Armor: Leather armour    |    15 |       ||    15
       Ring mail         |    34 |     1 ||    35
Dodge: Dodged            |    95 |     8 ||   103
